 Dungeon Crawl Stone Soup version 0.28.0-53-g5a82cb258f (webtiles) character file.

Game seed: 7350469022730092298

35 adizb the Firebug (level 3, 0/26 HPs)
             Began as a Demigod Fire Elementalist on July 18, 2022.
             Succumbed to an adder's poison
             ... on level 3 of the Dungeon.
             The game lasted 00:11:25 (1021 turns).

adizb the Firebug (Demigod Fire Elementalist)       Turns: 1021, Time: 00:11:26

Health: 0/26       AC:  4    Str:  9    XL:     3   Next: 4%
Magic:  5/8        EV: 12    Int: 21    God:
Gold:   27         SH:  0    Dex: 14    Spells: 5/6 levels left

rFire   . . .      SeeInvis .   i - +1 whip (pain)
rCold   . . .      Faith    .   (no shield)
rNeg    . . .      Spirit   .   a - +0 robe
rPois   .          Reflect  .   (no helmet)
rElec   .          Harm     .   g - +0 cloak
rCorr   .          Rampage  .   (no gloves)
Will    .....                   j - +0 pair of boots
Stlth   ++........              (no amulet)
HPRegen 0.08/turn               (no ring)
MPRegen 0.11/turn               (no ring)

@: lethally poisoned (0 -> -5), invisible
A: high MP 1, forlorn, divine attributes
a: no special abilities


You were on level 3 of the Dungeon.
You visited 1 branch of the dungeon, and saw 3 of its levels.

You collected 27 gold pieces.

Inventory:

Hand Weapons
 e - a +0 dagger
 i - a +1 whip of pain (weapon)
Armour
 a - a +0 robe (worn)
 g - a +0 cloak (worn)
 j - a +0 pair of boots (worn)
Magical Staves
 f - a staff of poison
Scrolls
 c - a scroll of fear {unknown}
 d - a scroll of teleportation {unknown}
 h - a scroll of vulnerability {unknown}
 k - a scroll of fog {unknown}


   Skills:
 + Level 2.1 Dodging
 + Level 2.2 Stealth
 + Level 2.0 Spellcasting
 + Level 1.4 Conjurations
 + Level 3.0 Fire Magic


You had 5 spell levels left.
You knew the following spells:

 Your Spells              Type           Power      Damage    Failure   Level
a - Foxfire               Conj/Fire      44%        2x1d6     6%          1

Your spell library contained the following spells:

 Spells                   Type           Power      Damage    Failure   Level
 Scorch                   Fire           28%        2d6       6%          2
 Conjure Flame            Conj/Fire      11%        6-21      19%         3
 Inner Flame              Hex/Fire       8%         N/A       24%         3
 Flame Wave               Conj/Fire      11%        2d5       52%         4


Dungeon Overview and Level Annotations

Branches:
Dungeon (3/15)

Annotations:
D:2 Sigmund


Innate Abilities, Weirdness & Mutations

You have an increased reservoir of magic. (+10% MP)
You shall have no god before yourself.
Your divine heritage dramatically boosts your attributes as you level up.


Message History

The adder is heavily wounded.
You feel sick. The adder misses you.
You feel sick.
A kobold comes into view. It is wielding a +0 short sword.
A goblin comes into view. It is wielding a +0 club.
You feel sick.
You are no longer poisoned.
The goblin shouts!
The jackal barks!
The adder bites you.
You are poisoned.
The adder poisons you!
You hear a shout!
You feel sick. The adder barely misses you.
Your magical contamination has completely faded away.
There is a stone staircase leading down here.
You can't go up here!
You feel sick. The adder closely misses you.
The quokka bites you but does no damage.
You climb downwards.
You feel sick.
Found an escape hatch in the ceiling.
Found a stone staircase leading down.
There is a stone staircase leading up here.
It was a potion of invisibility.
You fade into invisibility!
You feel sick. The adder barely misses you. The quokka barely misses you.
The adder misses you.
You feel sick. The bat hits you but does no damage.
You feel sick.
You are no longer poisoned.
The bat hits you.
* * * LOW HITPOINT WARNING * * *
The bat closely misses you. The adder bites you.
* * * LOW HITPOINT WARNING * * *
You are lethally poisoned!
The adder poisons you! The adder closely misses you.
Found 24 stones.
* * * LOW HITPOINT WARNING * * *
You feel sick. The bat barely misses you.
A hound comes into view.
You die...

h. ###. #
(###... .#
.....###.##
###.........#
#...........#
..#.#.........#
....>.........##
#<.@.b.....# #
#..........##.#
#....S........#
#.####.##......
#. #.b...#.# #.
###....... #
r#.#... .# .. .
## ...


You could see a hound (asleep), an adder, a quokka (wandering) and 2 bats.

Vanquished Creatures
  2 worms (D:2)
  8 bats
  3 endoplasms (D:1)
  A giant cockroach (D:1)
  5 kobolds
  A quokka (D:2)
  A ball python (D:2)
  3 frilled lizards
  3 goblins (D:1)
  2 rats
29 creatures vanquished.

Vanquished Creatures (collateral kills)
  4 foxfires (D:2)
4 creatures vanquished.

Vanquished Creatures (others)
  71 foxfires
71 creatures vanquished.

Grand Total: 104 creatures vanquished

Notes
Turn   | Place    | Note
-------+----------+-------------------------------------------
     0 | D:1      | adizb the Demigod Fire Elementalist began the quest for the
                  | Orb.
     0 | D:1      | Reached XP level 1. HP: 14/14 MP: 5/5
    56 | D:1      | Reached skill level 1 in Conjurations
   182 | D:1      | Reached XP level 2. HP: 4/20 MP: 1/7
   725 | D:2      | Noticed Sigmund
   818 | D:2      | Reached skill level 3 in Fire Magic
   948 | D:2      | Reached XP level 3. HP: 17/26 MP: 0/8
  1020 | D:3      | HP: 1/26 [poisoned by an adder]
  1021 | D:3      | Succumbed to an adder's poison

Illustrated notes

Levels and vault maps discovered:
D:1:      dpeg_arrival_chambers_temple_mockup, layout_rooms,
          shapermc_ecumenical_altar_pompeii, minmay_misc_feat_tiny
D:2:      layout_rooms, serial_forest, infiniplex_forest_lined_room_2,
          infiniplex_forest_straight_2, infiniplex_forest_end_2,
          infiniplex_forest_straight_4, infiniplex_forest_lined_room_2,
          infiniplex_forest_lined_3, infiniplex_forest_3_way,
          infiniplex_forest_fountain, uniq_sigmund
D:3:      cheibrodos_pilgrimage, layout_rooms, nzn_wu_jian_council_hall,
          mainiacjoe_overflow_small_starburst, moated_statue, uniq_ijyb

Skill      XL: |  1  2 |
---------------+-------+-----
Conjurations   | 1 |  1.4
Stealth        | 2 |  2.2
Dodging        | 2 |  2.1
Spellcasting   | 2 |  2.0
Fire Magic     | 3 |  3.0

Action                   || total
-------------------------++-------
Melee: Club              ||     1
       Whip              ||    12
 Cast: Foxfire           ||    43
  Use: Potion            ||     1
Armor: Robe              ||    12
Dodge: Dodged            ||    26
